Canucks vs Jets
Created - January 29, 2018 at 19:49
Goals
|
| Canucks |
0 |
2 |
0 |
2 |
| Jets |
0 |
2 |
1 |
3 |
|
Shots
|
| Canucks |
17 |
19 |
11 |
47 |
| Jets |
7 |
13 |
6 |
26 |
|
1st period
No Goal
Penalties :
Anton Volchenkov (Win) for Hooking (Minor) at 8:54, Kevin Hayes (Win) for High sticking (Minor) at 14:21
2nd period
1. Canucks , Nik Antropov 7 (Chris Higgins 11, Tom Poti 7) at 1:58
2. Canucks , Clarke MacArthur 15 (Brad Boyes 25, Jamie McBain 24) at 11:09 (PP)
3. Jets , Shea Weber 5 (Derek Stepan 24, Alexander Frolov 14) at 12:27 (PP)
4. Jets , Devin Setoguchi 7 (Derek Stepan 25) at 19:16
Penalties :
Marco Scandella (Win) for Interference (Minor) at 10:04, Ben Lovejoy (Van) for Holding (Minor) at 12:22
3rd period
5. Jets , Dustin Brown 13 (Benoit Pouliot 28, Kari Lehtonen) at 5:46 (SH)
Penalties :
Nik Antropov (Van) for Hooking (Minor) at 1:23, Mikko Koivu (Win) for Diving (Minor) at 4:21, Ben Lovejoy (Van) for Interference (Minor) at 6:02, Kevin Hayes (Win) for Holding Stick (Minor) at 8:20, Martins Karsums (Van) for High sticking (Minor) at 10:52, Marcus Johansson (Win) for Hooking (Minor) at 16:57, Dustin Brown (Win) for Roughing (Minor) at 18:58
Goalie Stats
Carey Price (Van), 23 saves from 26 shots - (0.885), L, 17-22-3, 60:00 minutes
Kari Lehtonen (Win), 45 saves from 47 shots - (0.957), W, 13-9-2, 60:00 minutes
Players Stats for Canucks
Player Name G A P +/- PIM S H SB GA TA FO MP PP MP PK MP
------------------------------------------------------------------------------------
Alex Goligoski 0 0 0 -2 0 6 1 0 1 2 0/0 29:05 7:08 3:15
Ben Lovejoy 0 0 0 -2 4 3 3 0 0 0 0/0 27:55 7:07 2:18
Brad Boyes 0 1 1 0 0 2 1 0 3 0 0/2 24:29 6:37 2:40
Chris Higgins 0 1 1 0 0 4 5 0 1 0 0/0 17:44 5:06 1:23
Clarke MacArthur 1 0 1 0 0 4 1 0 0 0 2/2 22:31 6:37 1:38
Darren Helm 0 0 0 -1 0 4 0 0 0 0 12/13 12:15 0:00 0:13
Jamie McBain 0 1 1 0 0 3 2 1 0 0 0/0 20:58 4:35 2:24
Jiri Hudler 0 0 0 0 0 3 1 0 0 1 1/2 16:21 5:06 0:00
Lasse Kukkonen 0 0 0 0 0 0 0 0 0 3 0/0 21:03 4:35 2:29
Martins Karsums 0 0 0 0 2 0 0 0 0 0 0/0 4:11 0:00 0:00
Mike Ribeiro 0 0 0 0 0 4 0 0 0 1 15/25 24:36 6:37 2:47
Nik Antropov 1 0 1 0 2 5 2 0 0 0 8/18 21:13 5:06 0:58
Patrik Elias 0 0 0 0 0 2 0 0 0 0 0/0 5:53 0:00 1:49
Ryan Hollweg 0 0 0 -1 0 2 1 1 1 0 0/0 12:02 0:00 0:00
Sami Lepisto 0 0 0 1 0 0 0 1 0 0 0/0 10:41 0:00 0:49
Shane Doan 0 0 0 0 0 0 0 0 0 0 0/0 0:32 0:00 0:00
Stefan Ruzicka 0 0 0 -1 0 5 1 0 0 0 0/0 12:02 0:00 0:00
Tom Poti 0 1 1 1 0 0 0 2 0 1 0/0 10:23 0:00 0:13
Players Stats for Jets
Player Name G A P +/- PIM S H SB GA TA FO MP PP MP PK MP
------------------------------------------------------------------------------------
Alexander Frolov 0 1 1 1 0 0 2 0 0 1 0/2 21:19 2:46 6:44
Anton Volchenkov 0 0 0 0 2 2 1 0 0 0 0/0 16:44 0:25 4:45
Benoit Pouliot 0 1 1 0 0 3 0 0 1 0 1/3 18:04 2:54 1:52
Derek Roy 0 0 0 0 0 1 5 0 0 1 8/18 17:46 2:54 1:28
Derek Stepan 0 2 2 1 0 3 0 0 0 1 6/12 14:19 2:50 0:00
Devin Setoguchi 1 0 1 1 0 2 2 1 1 0 0/1 14:03 2:52 0:00
Dustin Brown 1 0 1 -1 2 2 2 0 0 0 1/1 19:36 2:48 3:12
Eric Gelinas 0 0 0 0 0 1 0 1 0 0 0/0 15:59 2:50 0:59
Erik Haula 0 0 0 0 0 0 0 2 1 0 7/14 13:59 0:00 6:48
Joe Colborne 0 0 0 0 0 1 0 0 0 1 0/2 10:26 0:00 3:22
Kevin Hayes 0 0 0 0 4 0 0 0 0 0 0/0 7:02 0:00 0:00
Lee Stempniak 0 0 0 0 0 1 0 0 1 1 0/0 10:16 0:04 0:00
Marco Scandella 0 0 0 1 2 1 2 4 3 0 0/0 28:07 2:29 5:59
Marcus Johansson 0 0 0 0 2 2 0 2 0 0 0/0 10:05 0:00 0:00
Mikko Koivu 0 0 0 0 2 0 3 0 0 0 1/9 10:07 0:04 0:00
Shea Weber 1 0 1 1 0 3 1 0 0 1 0/0 21:24 2:50 4:39
Tomas Kundratek 0 0 0 -1 0 0 0 0 0 0 0/0 10:18 0:00 0:00
Tyler Myers 0 0 0 1 0 4 2 2 1 0 0/0 28:18 2:54 7:04
3 Stars
1 - Kari Lehtonen (Win)
2 - Devin Setoguchi (Win)
3 - Shea Weber (Win)
Power Play
Canucks - 1 on 7 Attempt(s) - 14.29%
Jets - 1 on 4 Attempt(s) - 25.00%
Penalty Kill
Canucks - 3 on 4 Attempt(s) - 75.00%
- Score 0 goal in Penalty Kill
Jets - 6 on 7 Attempt(s) - 85.71%
- Score 1 goal in Penalty Kill
Team Stat
Canucks - Hits : 18 - Faceoff Wins : 38 - Blocked Shots : 5 - Penalty Minutes : 8
Jets - Hits : 20 - Faceoff Wins : 24 - Blocked Shots : 12 - Penalty Minutes : 14
Official
Referees : Ciamaga Chris and Joannette Marc
Linesman : Derek Nansen and Andy McElman
Game Notes
No Game Note
Finance
Level 1 -- Attendance: 6000 (100.00%) -- Ticket Income $468,000
Level 2 -- Attendance: 4925 (98.50%) -- Ticket Income $256,100
Level 3 -- Attendance: 1795 (89.75%) -- Ticket Income $52,055
Level 4 -- Attendance: 4000 (100.00%) -- Ticket Income $104,000
Luxury Box -- Attendance: 1000 (100.00%) -- Ticket Income $160,000
Game was played at the MTS Center.
Total Attendance: 17720 (98.44%)
Total Ticket Income: $1,040,155
Other Income: $156,023
Total Income: $1,196,178
Canucks
5 vs 5 Forward
Center Left Wing Right Wing Time % Phy DF OF
1 Mike Ribeiro Clarke MacArthur Brad Boyes 40 1 2 2
2 Nik Antropov Chris Higgins Jiri Hudler 30 1 2 2
3 Darren Helm Ryan Hollweg Stefan Ruzicka 20 1 2 2
4 Nik Antropov Patrik Elias Martins Karsums 10 1 2 2
5 vs 5 Defense
Defense Defense Time % Phy DF OF
1 Alex Goligoski Ben Lovejoy 40 1 2 2
2 Jamie McBain Lasse Kukkonen 30 1 2 2
3 Tom Poti Sami Lepisto 20 1 2 2
4 Alex Goligoski Ben Lovejoy 10 1 2 2
PowerPlay Forward
Center Left Wing Right Wing Time % Phy DF OF
1 Mike Ribeiro Clarke MacArthur Brad Boyes 60 1 2 2
2 Nik Antropov Chris Higgins Jiri Hudler 40 1 2 2
PowerPlay Defense
Defense Defense Time % Phy DF OF
1 Alex Goligoski Ben Lovejoy 60 1 2 2
2 Jamie McBain Lasse Kukkonen 40 1 2 2
Penalty Kill 4 Players Forward
Center Wing Time % Phy DF OF
1 Mike Ribeiro Brad Boyes 60 1 2 2
2 Clarke MacArthur Nik Antropov 40 1 2 2
Penalty Kill 4 Players Defense
Defense Defense Time % Phy DF OF
1 Alex Goligoski Ben Lovejoy 60 1 2 2
2 Jamie McBain Lasse Kukkonen 40 1 2 2
Penalty Kill - 3 Players Forward
Forward Time % Phy DF OF
1 Mike Ribeiro 60 1 2 2
2 Brad Boyes 40 1 2 2
Penalty Kill - 3 Players Defense
Defense Defense Time % Phy DF OF
1 Alex Goligoski Ben Lovejoy 60 1 2 2
2 Jamie McBain Lasse Kukkonen 40 1 2 2
4 vs 4 Forward
Center Wing Time % Phy DF OF
1 Mike Ribeiro Brad Boyes 60 1 2 2
2 Clarke MacArthur Nik Antropov 40 1 2 2
4 vs 4 Defense
Defense Defense Time % Phy DF OF
1 Alex Goligoski Ben Lovejoy 60 1 2 2
2 Jamie McBain Lasse Kukkonen 40 1 2 2
Last Minutes Offensive
Center Left Wing Right Wing Defense Defense
Mike Ribeiro Clarke MacArthur Brad Boyes Alex Goligoski Ben Lovejoy
Last Minutes Defensive
Center Left Wing Right Wing Defense Defense
Mike Ribeiro Clarke MacArthur Brad Boyes Alex Goligoski Ben Lovejoy
Goaltenders
Starting : Carey Price
Backup : Karri Ramo
Extra Forwards
Normal : Shane Doan, Ryan Hollweg, Patrik Elias - PP : Shane Doan, Ryan Hollweg - PK : Patrik Elias
Extra Defensemen
Normal : Tom Poti, Sami Lepisto, Jamie McBain - PP : Tom Poti - PK : Sami Lepisto, Jamie McBain
Penalty Shots
Mike Ribeiro, Brad Boyes, Clarke MacArthur, Nik Antropov, Jiri Hudler
Scratches
Matt Stajan (Broken Left Index Finger Injury), Maxim Lapierre (Broken Ribs Injury)
Jets
5 vs 5 Forward
Center Left Wing Right Wing Time % Phy DF OF
1 Derek Roy Benoit Pouliot Dustin Brown 35 1 2 2
2 Derek Stepan Alexander Frolov Devin Setoguchi 30 1 2 2
3 Mikko Koivu Marcus Johansson Lee Stempniak 23 1 2 2
4 Joe Colborne Erik Haula Kevin Hayes 12 1 2 2
5 vs 5 Defense
Defense Defense Time % Phy DF OF
1 Tyler Myers Marco Scandella 40 1 3 1
2 Shea Weber Eric Gelinas 30 1 2 2
3 Anton Volchenkov Tomas Kundratek 25 1 2 2
4 Shea Weber Marco Scandella 5 1 2 2
PowerPlay Forward
Center Left Wing Right Wing Time % Phy DF OF
1 Derek Roy Benoit Pouliot Dustin Brown 60 1 0 4
2 Derek Stepan Alexander Frolov Devin Setoguchi 40 1 0 4
PowerPlay Defense
Defense Defense Time % Phy DF OF
1 Marco Scandella Tyler Myers 60 1 1 3
2 Eric Gelinas Shea Weber 40 0 1 4
Penalty Kill 4 Players Forward
Center Wing Time % Phy DF OF
1 Erik Haula Alexander Frolov 60 1 2 2
2 Joe Colborne Dustin Brown 40 1 2 2
Penalty Kill 4 Players Defense
Defense Defense Time % Phy DF OF
1 Tyler Myers Marco Scandella 60 1 2 2
2 Shea Weber Anton Volchenkov 40 1 2 2
Penalty Kill - 3 Players Forward
Forward Time % Phy DF OF
1 Erik Haula 60 1 2 2
2 Alexander Frolov 40 1 2 2
Penalty Kill - 3 Players Defense
Defense Defense Time % Phy DF OF
1 Shea Weber Tyler Myers 60 1 2 2
2 Marco Scandella Anton Volchenkov 40 1 2 2
4 vs 4 Forward
Center Wing Time % Phy DF OF
1 Derek Stepan Dustin Brown 60 1 2 2
2 Derek Roy Benoit Pouliot 40 1 2 2
4 vs 4 Defense
Defense Defense Time % Phy DF OF
1 Marco Scandella Tyler Myers 60 1 2 2
2 Shea Weber Eric Gelinas 40 1 2 2
Last Minutes Offensive
Center Left Wing Right Wing Defense Defense
Derek Roy Benoit Pouliot Dustin Brown Marco Scandella Shea Weber
Last Minutes Defensive
Center Left Wing Right Wing Defense Defense
Derek Roy Erik Haula Alexander Frolov Shea Weber Tyler Myers
Goaltenders
Starting : Kari Lehtonen
Backup : Jacob Markstrom
Extra Forwards
Normal : Derek Roy, Benoit Pouliot, Dustin Brown - PP : Derek Roy, Benoit Pouliot - PK : Dustin Brown
Extra Defensemen
Normal : Shea Weber, Tyler Myers, Marco Scandella - PP : Shea Weber - PK : Anton Volchenkov, Tyler Myers
Penalty Shots
Derek Roy, Benoit Pouliot, Dustin Brown, Derek Stepan, Erik Haula
Scratches
Eric Fehr (Healthy), Fredrik Sjostrom (Healthy), Kevin Klein (Healthy), Michael Rupp (Healthy)
% Time on Ice - Canucks
Lines # - Real PCT - Wanted PCT - Time Play
Normal Forward
1 - 35% - 40% - 14:54
2 - 27% - 30% - 11:15
3 - 28% - 20% - 12:02
4 - 10% - 10% - 4:04
Normal Defense
1 - 38% - 40% - 16:11
2 - 33% - 30% - 13:52
3 - 23% - 20% - 9:52
4 - 6% - 10% - 2:20
PP Forward
1 - 56% - 60% - 6:37
2 - 44% - 40% - 5:06
PP Defense
1 - 61% - 60% - 7:08
2 - 39% - 40% - 4:35
PK Forward
1 - 72% - 60% - 4:06
2 - 28% - 40% - 1:38
PK Defense
1 - 61% - 60% - 3:31
2 - 39% - 40% - 2:13
PK3 Forward
1 - 0% - 60%
2 - 0% - 40%
PK3 Defense
1 - 0% - 60%
2 - 0% - 40%
44 Forward
1 - 100% - 60% - 0:18
2 - 0% - 40% - 0:00
44 Defense
1 - 100% - 60% - 0:18
2 - 0% - 40% - 0:00
Last Minute Offensive - 0:00
Last Minute Defensive - 0:00
Total
Forward - 60:00
Defense - 60:00
|
% Time on Ice - Jets
Lines # - Real PCT - Wanted PCT - Time Play
Normal Forward
1 - 33% - 35% - 13:56
2 - 27% - 30% - 11:36
3 - 24% - 23% - 10:04
4 - 16% - 12% - 6:39
Normal Defense
1 - 43% - 40% - 18:02
2 - 29% - 30% - 12:12
3 - 24% - 25% - 10:18
4 - 4% - 5% - 1:43
PP Forward
1 - 52% - 60% - 2:58
2 - 48% - 40% - 2:46
PP Defense
1 - 51% - 60% - 2:54
2 - 49% - 40% - 2:50
PK Forward
1 - 71% - 60% - 8:21
2 - 29% - 40% - 3:22
PK Defense
1 - 60% - 60% - 7:04
2 - 40% - 40% - 4:39
PK3 Forward
1 - 0% - 60%
2 - 0% - 40%
PK3 Defense
1 - 0% - 60%
2 - 0% - 40%
44 Forward
1 - 100% - 60% - 0:18
2 - 0% - 40% - 0:00
44 Defense
1 - 100% - 60% - 0:18
2 - 0% - 40% - 0:00
Last Minute Offensive - 0:00
Last Minute Defensive - 0:00
Total
Forward - 60:00
Defense - 60:00
|
Play by Play
1st period
0:01 of 1st period - Derek Roy wins face-off versus Brad Boyes in neutral zone.
0:44 of 1st period - Icing by Devin Setoguchi.
0:45 of 1st period - Darren Helm wins face-off versus Mikko Koivu in Jets zone.
0:55 of 1st period - Icing by Lee Stempniak.
0:56 of 1st period - Nik Antropov wins face-off versus Mikko Koivu in Jets zone.
1:19 of 1st period - Wrist shot by Lee Stempniak.
1:19 of 1st period - Shot Misses the Net.
1:30 of 1st period - Off-side.
1:31 of 1st period - Nik Antropov wins face-off versus Benoit Pouliot in neutral zone.
1:36 of 1st period - Eric Gelinas is hit by Jiri Hudler and loses puck.
2:06 of 1st period - Wrist shot by Mike Ribeiro.
2:06 of 1st period - Stopped by Kari Lehtonen with a rebound.
2:22 of 1st period - Devin Setoguchi is hit by Jamie McBain and loses puck.
2:27 of 1st period - Slapshot by Alex Goligoski.
2:27 of 1st period - Stopped by Kari Lehtonen with a rebound.
2:43 of 1st period - Wrist shot by Chris Higgins.
2:43 of 1st period - Stopped by Kari Lehtonen with a rebound.
2:45 of 1st period - Slapshot by Nik Antropov.
2:45 of 1st period - Stopped by Kari Lehtonen without a rebound.
2:46 of 1st period - Dustin Brown wins face-off versus Mike Ribeiro in Jets zone.
3:15 of 1st period - Tomas Kundratek is hit by Chris Higgins.
3:25 of 1st period - Snap shot by Chris Higgins.
3:25 of 1st period - Stopped by Kari Lehtonen without a rebound.
3:26 of 1st period - Darren Helm wins face-off versus Derek Roy in Jets zone.
3:33 of 1st period - Wrist shot by Jamie McBain.
3:33 of 1st period - Deflect By Ryan Hollweg.
3:33 of 1st period - Stopped by Kari Lehtonen without a rebound.
3:34 of 1st period - Darren Helm wins face-off versus Derek Roy in Jets zone.
4:24 of 1st period - Snap shot by Dustin Brown.
4:24 of 1st period - Stopped by Carey Price without a rebound.
4:25 of 1st period - Mike Ribeiro wins face-off versus Derek Stepan in Canucks zone.
4:25 of 1st period - Mike Ribeiro is hit by Devin Setoguchi.
5:05 of 1st period - Snap shot by Devin Setoguchi.
5:05 of 1st period - Stopped by Carey Price without a rebound.
5:06 of 1st period - Mike Ribeiro wins face-off versus Mikko Koivu in Canucks zone.
5:54 of 1st period - Tom Poti is hit by Derek Roy and loses puck.
6:21 of 1st period - Snap shot by Devin Setoguchi.
6:21 of 1st period - Deflect By Derek Stepan.
6:21 of 1st period - Stopped by Carey Price with a rebound.
6:31 of 1st period - Snap shot by Lee Stempniak.
6:31 of 1st period - Stopped by Carey Price with a rebound.
6:45 of 1st period - Snap shot by Brad Boyes.
6:45 of 1st period - Shot Misses the Net.
7:14 of 1st period - Icing by Lasse Kukkonen.
7:15 of 1st period - Darren Helm wins face-off versus Derek Roy in Canucks zone.
7:20 of 1st period - Snap shot by Mike Ribeiro.
7:20 of 1st period - Stopped by Kari Lehtonen without a rebound.
7:21 of 1st period - Mike Ribeiro wins face-off versus Derek Roy in Jets zone.
7:22 of 1st period - Wrist shot by Clarke MacArthur.
7:22 of 1st period - Stopped by Kari Lehtonen with a rebound.
7:24 of 1st period - Slapshot by Ben Lovejoy.
7:24 of 1st period - Shot Blocked by Marco Scandella.
7:26 of 1st period - Slapshot by Alex Goligoski.
7:26 of 1st period - Deflect By Marco Scandella.
7:26 of 1st period - Stopped by Kari Lehtonen with a rebound.
7:28 of 1st period - Slapshot by Ben Lovejoy.
7:28 of 1st period - Shot Blocked by Marco Scandella.
7:30 of 1st period - Snap shot by Ben Lovejoy.
7:30 of 1st period - Stopped by Kari Lehtonen without a rebound.
7:31 of 1st period - Derek Stepan wins face-off versus Nik Antropov in Jets zone.
7:31 of 1st period - Derek Stepan is hit by Chris Higgins.
8:03 of 1st period - Snap shot by Brad Boyes.
8:03 of 1st period - Shot Misses the Net.
8:05 of 1st period - Snap shot by Ben Lovejoy.
8:05 of 1st period - Shot Blocked by Marco Scandella.
8:07 of 1st period - Snap shot by Mike Ribeiro.
8:07 of 1st period - Stopped by Kari Lehtonen with a rebound.
8:09 of 1st period - Slapshot by Alex Goligoski.
8:09 of 1st period - Stopped by Kari Lehtonen without a rebound.
8:10 of 1st period - Derek Roy wins face-off versus Mike Ribeiro in Jets zone.
8:10 of 1st period - Derek Roy is hit by Clarke MacArthur.
8:16 of 1st period - Wrist shot by Dustin Brown.
8:16 of 1st period - Deflect By Derek Roy.
8:16 of 1st period - Shot Misses the Net.
8:16 of 1st period - Puck is out of play.
8:17 of 1st period - Derek Roy wins face-off versus Mike Ribeiro in Canucks zone.
8:20 of 1st period - Slapshot by Derek Roy.
8:20 of 1st period - Stopped by Carey Price with a rebound.
8:54 of 1st period - Minor Penalty to Anton Volchenkov for Hooking.
8:55 of 1st period - Nik Antropov wins face-off versus Erik Haula in Jets zone.
10:35 of 1st period - Alex Goligoski is hit by Derek Roy and loses puck.
10:54 of 1st period - Penalty to Anton Volchenkov is over, Anton Volchenkov is back on ice.
11:00 of 1st period - Slapshot by Shea Weber.
11:00 of 1st period - Shot Blocked by Jamie McBain.
11:08 of 1st period - Slapshot by Anton Volchenkov.
11:08 of 1st period - Shot Misses the Net.
11:10 of 1st period - Slapshot by Shea Weber.
11:10 of 1st period - Shot Blocked by Ryan Hollweg.
11:14 of 1st period - Wrist shot by Anton Volchenkov.
11:14 of 1st period - Shot Misses the Net.
11:16 of 1st period - Slapshot by Eric Gelinas.
11:16 of 1st period - Stopped by Carey Price with a rebound.
11:22 of 1st period - Slapshot by Alexander Frolov.
11:22 of 1st period - Shot Misses the Net.
11:45 of 1st period - Snap shot by Anton Volchenkov.
11:45 of 1st period - Stopped by Carey Price without a rebound.
11:46 of 1st period - Mikko Koivu wins face-off versus Nik Antropov in Canucks zone.
12:34 of 1st period - Anton Volchenkov is hit by Brad Boyes and loses puck.
12:49 of 1st period - Snap shot by Jiri Hudler.
12:49 of 1st period - Shot Misses the Net.
12:51 of 1st period - Wrist shot by Chris Higgins.
12:51 of 1st period - Shot Misses the Net.
14:21 of 1st period - Minor Penalty to Kevin Hayes for High sticking.
14:22 of 1st period - Mike Ribeiro wins face-off versus Erik Haula in Jets zone.
14:27 of 1st period - Wrist shot by Clarke MacArthur.
14:27 of 1st period - Stopped by Kari Lehtonen with a rebound.
14:29 of 1st period - Slapshot by Ben Lovejoy.
14:29 of 1st period - Deflect By Clarke MacArthur.
14:29 of 1st period - Shot Misses the Net.
14:29 of 1st period - Puck is out of play.
14:30 of 1st period - Clarke MacArthur wins face-off versus Erik Haula in Jets zone.
14:31 of 1st period - Wrist shot by Brad Boyes.
14:31 of 1st period - Shot Misses the Net.
14:33 of 1st period - Slapshot by Alex Goligoski.
14:33 of 1st period - Stopped by Kari Lehtonen without a rebound.
14:34 of 1st period - Mike Ribeiro wins face-off versus Erik Haula in Jets zone.
14:47 of 1st period - Snap shot by Brad Boyes.
14:47 of 1st period - Shot Misses the Net.
14:49 of 1st period - Slapshot by Ben Lovejoy.
14:49 of 1st period - Stopped by Kari Lehtonen with a rebound.
14:59 of 1st period - Jiri Hudler is hit by Dustin Brown and loses puck.
16:08 of 1st period - Tyler Myers is hit by Nik Antropov and loses puck.
16:21 of 1st period - Penalty to Kevin Hayes is over, Kevin Hayes is back on ice.
16:35 of 1st period - Tom Poti is hit by Dustin Brown.
17:27 of 1st period - Snap shot by Patrik Elias.
17:27 of 1st period - Stopped by Kari Lehtonen with a rebound.
18:09 of 1st period - Nik Antropov is hit by Mikko Koivu and loses puck.
19:02 of 1st period - Ben Lovejoy is hit by Tyler Myers and loses puck.
19:38 of 1st period - Alex Goligoski is hit by Mikko Koivu and loses puck.
19:57 of 1st period - Slapshot by Jamie McBain.
19:57 of 1st period - Stopped by Kari Lehtonen without a rebound.
19:58 of 1st period - Derek Stepan wins face-off versus Darren Helm in Jets zone.
Goals for this period are 0 for Canucks vs 0 for Jets.
Shots for this period are 17 for Canucks vs 7 for Jets.
2nd period
0:01 of 2nd period - Derek Stepan wins face-off versus Jiri Hudler in neutral zone.
0:01 of 2nd period - Derek Stepan is hit by Ben Lovejoy.
0:17 of 2nd period - Slapshot by Devin Setoguchi.
0:17 of 2nd period - Shot Misses the Net.
1:01 of 2nd period - Darren Helm is hit by Mikko Koivu and loses puck.
1:36 of 2nd period - Slapshot by Shea Weber.
1:36 of 2nd period - Shot Misses the Net.
1:38 of 2nd period - Wrist shot by Alexander Frolov.
1:38 of 2nd period - Shot Misses the Net.
1:58 of 2nd period - Backhand shot by Nik Antropov.
1:58 of 2nd period - Goal by Nik Antropov - Canucks : 1 - Jets : 0.
1:59 of 2nd period - Derek Stepan wins face-off versus Nik Antropov in neutral zone.
2:37 of 2nd period - Slapshot by Darren Helm.
2:37 of 2nd period - Stopped by Kari Lehtonen with a rebound.
2:43 of 2nd period - Slapshot by Derek Stepan.
2:43 of 2nd period - Shot Misses the Net.
3:35 of 2nd period - Snap shot by Chris Higgins.
3:35 of 2nd period - Shot Blocked by Marcus Johansson.
4:09 of 2nd period - Snap shot by Clarke MacArthur.
4:09 of 2nd period - Shot Misses the Net.
4:13 of 2nd period - Slapshot by Brad Boyes.
4:13 of 2nd period - Stopped by Kari Lehtonen with a rebound.
4:25 of 2nd period - Snap shot by Chris Higgins.
4:25 of 2nd period - Shot Misses the Net.
4:41 of 2nd period - Anton Volchenkov is hit by Stefan Ruzicka and loses puck.
5:06 of 2nd period - Icing by Anton Volchenkov.
5:07 of 2nd period - Nik Antropov wins face-off versus Joe Colborne in Jets zone.
5:18 of 2nd period - Erik Haula is hit by Nik Antropov and loses puck.
5:53 of 2nd period - Wrist shot by Derek Stepan.
5:53 of 2nd period - Stopped by Carey Price without a rebound.
5:54 of 2nd period - Clarke MacArthur wins face-off versus Derek Stepan in Canucks zone.
6:31 of 2nd period - Snap shot by Brad Boyes.
6:31 of 2nd period - Shot Blocked by Tyler Myers.
7:08 of 2nd period - Wrist shot by Devin Setoguchi.
7:08 of 2nd period - Shot Blocked by Tom Poti.
7:13 of 2nd period - Off-side.
7:14 of 2nd period - Nik Antropov wins face-off versus Derek Roy in neutral zone.
7:16 of 2nd period - Alex Goligoski is hit by Derek Roy and loses puck.
7:45 of 2nd period - Snap shot by Darren Helm.
7:45 of 2nd period - Stopped by Kari Lehtonen without a rebound.
7:46 of 2nd period - Darren Helm wins face-off versus Mikko Koivu in Jets zone.
7:47 of 2nd period - Snap shot by Stefan Ruzicka.
7:47 of 2nd period - Shot Misses the Net.
7:49 of 2nd period - Snap shot by Darren Helm.
7:49 of 2nd period - Stopped by Kari Lehtonen with a rebound.
7:51 of 2nd period - Snap shot by Darren Helm.
7:51 of 2nd period - Shot Misses the Net.
7:53 of 2nd period - Slapshot by Jamie McBain.
7:53 of 2nd period - Stopped by Kari Lehtonen without a rebound.
7:54 of 2nd period - Derek Roy wins face-off versus Nik Antropov in Jets zone.
8:05 of 2nd period - Wrist shot by Chris Higgins.
8:05 of 2nd period - Stopped by Kari Lehtonen with a rebound.
8:07 of 2nd period - Wrist shot by Nik Antropov.
8:07 of 2nd period - Stopped by Kari Lehtonen without a rebound.
8:08 of 2nd period - Derek Roy wins face-off versus Nik Antropov in Jets zone.
8:08 of 2nd period - Derek Roy is hit by Ben Lovejoy.
8:18 of 2nd period - Alex Goligoski is hit by Derek Roy and loses puck.
8:33 of 2nd period - Ben Lovejoy is hit by Marco Scandella and loses puck.
9:02 of 2nd period - Snap shot by Stefan Ruzicka.
9:02 of 2nd period - Shot Misses the Net.
9:04 of 2nd period - Backhand shot by Darren Helm.
9:04 of 2nd period - Stopped by Kari Lehtonen with a rebound.
9:06 of 2nd period - Slapshot by Alex Goligoski.
9:06 of 2nd period - Stopped by Kari Lehtonen without a rebound.
9:07 of 2nd period - Nik Antropov wins face-off versus Benoit Pouliot in Jets zone.
9:16 of 2nd period - Snap shot by Dustin Brown.
9:16 of 2nd period - Deflect By Derek Roy.
9:16 of 2nd period - Shot Misses the Net.
9:16 of 2nd period - Puck is out of play.
9:17 of 2nd period - Derek Roy wins face-off versus Nik Antropov in Canucks zone.
9:24 of 2nd period - Tyler Myers is hit by Jamie McBain and loses puck.
9:31 of 2nd period - Wrist shot by Jiri Hudler.
9:31 of 2nd period - Stopped by Kari Lehtonen without a rebound.
9:32 of 2nd period - Mike Ribeiro wins face-off versus Mikko Koivu in Jets zone.
10:04 of 2nd period - Minor Penalty to Marco Scandella for Interference.
10:05 of 2nd period - Mike Ribeiro wins face-off versus Erik Haula in Jets zone.
10:08 of 2nd period - Snap shot by Brad Boyes.
10:08 of 2nd period - Stopped by Kari Lehtonen with a rebound.
10:19 of 2nd period - Off-side.
10:20 of 2nd period - Mike Ribeiro wins face-off versus Alexander Frolov in neutral zone.
10:47 of 2nd period - Slapshot by Jamie McBain.
10:47 of 2nd period - Deflect By Jiri Hudler.
10:47 of 2nd period - Shot Blocked by Erik Haula.
10:47 of 2nd period - Puck is out of play.
10:48 of 2nd period - Erik Haula wins face-off versus Nik Antropov in Jets zone.
11:07 of 2nd period - Snap shot by Clarke MacArthur.
11:07 of 2nd period - Stopped by Kari Lehtonen with a rebound.
11:09 of 2nd period - Snap shot by Clarke MacArthur.
11:09 of 2nd period - Goal by Clarke MacArthur - Canucks : 2 - Jets : 0.
11:10 of 2nd period - Derek Roy wins face-off versus Nik Antropov in neutral zone.
11:26 of 2nd period - Wrist shot by Chris Higgins.
11:26 of 2nd period - Shot Misses the Net.
11:36 of 2nd period - Marco Scandella is hit by Ryan Hollweg and loses puck.
11:51 of 2nd period - Slapshot by Benoit Pouliot.
11:51 of 2nd period - Shot Misses the Net.
11:53 of 2nd period - Snap shot by Dustin Brown.
11:53 of 2nd period - Shot Misses the Net.
12:11 of 2nd period - Snap shot by Derek Roy.
12:11 of 2nd period - Shot Misses the Net.
12:13 of 2nd period - Slapshot by Tyler Myers.
12:13 of 2nd period - Stopped by Carey Price with a rebound.
12:15 of 2nd period - Wrist shot by Benoit Pouliot.
12:15 of 2nd period - Stopped by Carey Price with a rebound.
12:17 of 2nd period - Slapshot by Marco Scandella.
12:17 of 2nd period - Deflect By Jamie McBain.
12:17 of 2nd period - Stopped by Carey Price with a rebound.
12:19 of 2nd period - Slapshot by Tyler Myers.
12:19 of 2nd period - Stopped by Carey Price without a rebound.
12:20 of 2nd period - Mike Ribeiro wins face-off versus Derek Stepan in Canucks zone.
12:22 of 2nd period - Minor Penalty to Ben Lovejoy for Holding.
12:23 of 2nd period - Derek Stepan wins face-off versus Mike Ribeiro in Canucks zone.
12:25 of 2nd period - Wrist shot by Derek Stepan.
12:25 of 2nd period - Shot Blocked by Sami Lepisto.
12:27 of 2nd period - Wrist shot by Shea Weber.
12:27 of 2nd period - Goal by Shea Weber - Canucks : 2 - Jets : 1.
12:28 of 2nd period - Jiri Hudler wins face-off versus Derek Stepan in neutral zone.
12:39 of 2nd period - Wrist shot by Nik Antropov.
12:39 of 2nd period - Stopped by Kari Lehtonen with a rebound.
12:41 of 2nd period - Snap shot by Jiri Hudler.
12:41 of 2nd period - Shot Blocked by Eric Gelinas.
12:59 of 2nd period - Snap shot by Brad Boyes.
12:59 of 2nd period - Shot Misses the Net.
13:01 of 2nd period - Snap shot by Clarke MacArthur.
13:01 of 2nd period - Shot Blocked by Marcus Johansson.
13:03 of 2nd period - Backhand shot by Mike Ribeiro.
13:03 of 2nd period - Stopped by Kari Lehtonen without a rebound.
13:04 of 2nd period - Nik Antropov wins face-off versus Derek Roy in Jets zone.
13:17 of 2nd period - Slapshot by Jiri Hudler.
13:17 of 2nd period - Deflect By Nik Antropov.
13:17 of 2nd period - Stopped by Kari Lehtonen with a rebound.
13:39 of 2nd period - Wrist shot by Mikko Koivu.
13:39 of 2nd period - Shot Misses the Net.
13:41 of 2nd period - Snap shot by Marcus Johansson.
13:41 of 2nd period - Stopped by Carey Price without a rebound.
13:42 of 2nd period - Mike Ribeiro wins face-off versus Alexander Frolov in Canucks zone.
13:51 of 2nd period - Tomas Kundratek is hit by Ben Lovejoy and loses puck.
14:31 of 2nd period - Slapshot by Shea Weber.
14:31 of 2nd period - Stopped by Carey Price with a rebound.
14:33 of 2nd period - Wrist shot by Benoit Pouliot.
14:33 of 2nd period - Shot Blocked by Tom Poti.
14:35 of 2nd period - Wrist shot by Derek Roy.
14:35 of 2nd period - Shot Misses the Net.
14:47 of 2nd period - Joe Colborne is hit by Chris Higgins and loses puck.
15:06 of 2nd period - Snap shot by Derek Stepan.
15:06 of 2nd period - Shot Misses the Net.
16:11 of 2nd period - Ryan Hollweg is hit by Derek Roy and loses puck.
16:32 of 2nd period - Wrist shot by Derek Stepan.
16:32 of 2nd period - Stopped by Carey Price with a rebound.
16:42 of 2nd period - Eric Gelinas is hit by Chris Higgins and loses puck.
17:03 of 2nd period - Snap shot by Joe Colborne.
17:03 of 2nd period - Stopped by Carey Price without a rebound.
17:04 of 2nd period - Darren Helm wins face-off versus Joe Colborne in Canucks zone.
17:13 of 2nd period - Wrist shot by Ryan Hollweg.
17:13 of 2nd period - Stopped by Kari Lehtonen with a rebound.
17:15 of 2nd period - Snap shot by Stefan Ruzicka.
17:15 of 2nd period - Shot Misses the Net.
18:22 of 2nd period - Wrist shot by Chris Higgins.
18:22 of 2nd period - Shot Misses the Net.
18:28 of 2nd period - Slapshot by Benoit Pouliot.
18:28 of 2nd period - Stopped by Carey Price with a rebound.
18:42 of 2nd period - Slapshot by Jamie McBain.
18:42 of 2nd period - Shot Misses the Net.
18:44 of 2nd period - Wrist shot by Stefan Ruzicka.
18:44 of 2nd period - Shot Blocked by Erik Haula.
18:46 of 2nd period - Snap shot by Stefan Ruzicka.
18:46 of 2nd period - Stopped by Kari Lehtonen without a rebound.
18:47 of 2nd period - Darren Helm wins face-off versus Devin Setoguchi in Jets zone.
18:54 of 2nd period - Wrist shot by Marco Scandella.
18:54 of 2nd period - Shot Misses the Net.
18:56 of 2nd period - Slapshot by Tyler Myers.
18:56 of 2nd period - Stopped by Carey Price without a rebound.
18:57 of 2nd period - Darren Helm wins face-off versus Derek Stepan in Canucks zone.
18:57 of 2nd period - Darren Helm is hit by Alexander Frolov.
19:09 of 2nd period - Alex Goligoski is hit by Devin Setoguchi and loses puck.
19:14 of 2nd period - Snap shot by Devin Setoguchi.
19:14 of 2nd period - Shot Misses the Net.
19:16 of 2nd period - Wrist shot by Devin Setoguchi.
19:16 of 2nd period - Goal by Devin Setoguchi - Canucks : 2 - Jets : 2.
19:17 of 2nd period - Benoit Pouliot wins face-off versus Mike Ribeiro in neutral zone.
Goals for this period are 2 for Canucks vs 2 for Jets.
Shots for this period are 19 for Canucks vs 13 for Jets.
3rd period
0:01 of 3rd period - Mike Ribeiro wins face-off versus Derek Roy in neutral zone.
0:38 of 3rd period - Slapshot by Ben Lovejoy.
0:38 of 3rd period - Shot Blocked by Devin Setoguchi.
0:58 of 3rd period - Snap shot by Stefan Ruzicka.
0:58 of 3rd period - Stopped by Kari Lehtonen with a rebound.
1:23 of 3rd period - Minor Penalty to Nik Antropov for Hooking.
1:24 of 3rd period - Derek Roy wins face-off versus Brad Boyes in Canucks zone.
2:12 of 3rd period - Snap shot by Jamie McBain.
2:12 of 3rd period - Deflect By Dustin Brown.
2:12 of 3rd period - Stopped by Kari Lehtonen with a rebound.
3:10 of 3rd period - Jamie McBain is hit by Tyler Myers and loses puck.
3:23 of 3rd period - Penalty to Nik Antropov is over, Nik Antropov is back on ice.
3:45 of 3rd period - Slapshot by Anton Volchenkov.
3:45 of 3rd period - Stopped by Carey Price without a rebound.
3:46 of 3rd period - Darren Helm wins face-off versus Erik Haula in Canucks zone.
3:46 of 3rd period - Darren Helm is hit by Shea Weber.
3:54 of 3rd period - Snap shot by Ryan Hollweg.
3:54 of 3rd period - Shot Misses the Net.
3:56 of 3rd period - Wrist shot by Stefan Ruzicka.
3:56 of 3rd period - Stopped by Kari Lehtonen with a rebound.
3:58 of 3rd period - Slapshot by Alex Goligoski.
3:58 of 3rd period - Stopped by Kari Lehtonen with a rebound.
4:21 of 3rd period - Minor Penalty to Mikko Koivu for Diving.
4:22 of 3rd period - Erik Haula wins face-off versus Mike Ribeiro in Jets zone.
4:34 of 3rd period - Slapshot by Erik Haula.
4:34 of 3rd period - Shot Misses the Net.
5:46 of 3rd period - Snap shot by Dustin Brown.
5:46 of 3rd period - Goal by Dustin Brown - Canucks : 2 - Jets : 3.
5:47 of 3rd period - Erik Haula wins face-off versus Mike Ribeiro in neutral zone.
5:53 of 3rd period - Off-side.
5:54 of 3rd period - Erik Haula wins face-off versus Mike Ribeiro in neutral zone.
6:02 of 3rd period - Minor Penalty to Ben Lovejoy for Interference.
6:03 of 3rd period - Derek Stepan wins face-off versus Mike Ribeiro in Canucks zone.
6:21 of 3rd period - Penalty to Mikko Koivu is over, Mikko Koivu is back on ice.
6:30 of 3rd period - Slapshot by Tyler Myers.
6:30 of 3rd period - Stopped by Carey Price with a rebound.
8:02 of 3rd period - Penalty to Ben Lovejoy is over, Ben Lovejoy is back on ice.
8:12 of 3rd period - Tyler Myers is hit by Alex Goligoski and loses puck.
8:20 of 3rd period - Minor Penalty to Kevin Hayes for Holding Stick.
8:21 of 3rd period - Erik Haula wins face-off versus Nik Antropov in Jets zone.
8:31 of 3rd period - Snap shot by Jiri Hudler.
8:31 of 3rd period - Stopped by Kari Lehtonen with a rebound.
8:33 of 3rd period - Wrist shot by Nik Antropov.
8:33 of 3rd period - Shot Misses the Net.
8:35 of 3rd period - Wrist shot by Chris Higgins.
8:35 of 3rd period - Stopped by Kari Lehtonen without a rebound.
8:36 of 3rd period - Erik Haula wins face-off versus Mike Ribeiro in Jets zone.
9:52 of 3rd period - Erik Haula is hit by Chris Higgins.
10:20 of 3rd period - Penalty to Kevin Hayes is over, Kevin Hayes is back on ice.
10:31 of 3rd period - Snap shot by Marcus Johansson.
10:31 of 3rd period - Stopped by Carey Price with a rebound.
10:52 of 3rd period - Minor Penalty to Martins Karsums for High sticking.
10:53 of 3rd period - Mike Ribeiro wins face-off versus Derek Roy in Canucks zone.
11:19 of 3rd period - Ben Lovejoy is hit by Alexander Frolov and loses puck.
12:25 of 3rd period - Icing by Dustin Brown.
12:26 of 3rd period - Mike Ribeiro wins face-off versus Derek Roy in Jets zone.
12:52 of 3rd period - Penalty to Martins Karsums is over, Martins Karsums is back on ice.
13:13 of 3rd period - Slapshot by Jiri Hudler.
13:13 of 3rd period - Shot Blocked by Marco Scandella.
13:16 of 3rd period - Icing by Tyler Myers.
13:17 of 3rd period - Darren Helm wins face-off versus Mikko Koivu in Jets zone.
13:18 of 3rd period - Wrist shot by Stefan Ruzicka.
13:18 of 3rd period - Stopped by Kari Lehtonen without a rebound.
13:19 of 3rd period - Darren Helm wins face-off versus Derek Roy in Jets zone.
13:36 of 3rd period - Snap shot by Benoit Pouliot.
13:36 of 3rd period - Stopped by Carey Price with a rebound.
14:06 of 3rd period - Snap shot by Shea Weber.
14:06 of 3rd period - Stopped by Carey Price without a rebound.
14:07 of 3rd period - Nik Antropov wins face-off versus Mikko Koivu in Canucks zone.
14:34 of 3rd period - Snap shot by Chris Higgins.
14:34 of 3rd period - Shot Blocked by Tyler Myers.
14:36 of 3rd period - Wrist shot by Ben Lovejoy.
14:36 of 3rd period - Stopped by Kari Lehtonen with a rebound.
14:58 of 3rd period - Snap shot by Jiri Hudler.
14:58 of 3rd period - Stopped by Kari Lehtonen without a rebound.
14:59 of 3rd period - Mike Ribeiro wins face-off versus Derek Stepan in Jets zone.
15:25 of 3rd period - Icing by Marcus Johansson.
15:26 of 3rd period - Darren Helm wins face-off versus Mikko Koivu in Jets zone.
15:27 of 3rd period - Wrist shot by Stefan Ruzicka.
15:27 of 3rd period - Stopped by Kari Lehtonen with a rebound.
15:41 of 3rd period - Wrist shot by Stefan Ruzicka.
15:41 of 3rd period - Shot Misses the Net.
16:27 of 3rd period - Snap shot by Patrik Elias.
16:27 of 3rd period - Stopped by Kari Lehtonen with a rebound.
16:57 of 3rd period - Minor Penalty to Marcus Johansson for Hooking.
16:58 of 3rd period - Mike Ribeiro wins face-off versus Erik Haula in Jets zone.
17:18 of 3rd period - Ben Lovejoy is hit by Anton Volchenkov and loses puck.
18:05 of 3rd period - Clarke MacArthur is hit by Marco Scandella.
18:57 of 3rd period - Penalty to Marcus Johansson is over, Marcus Johansson is back on ice.
18:58 of 3rd period - Minor Penalty to Dustin Brown for Roughing.
18:59 of 3rd period - Erik Haula wins face-off versus Nik Antropov in Jets zone.
Goals for this period are 0 for Canucks vs 1 for Jets.
Shots for this period are 11 for Canucks vs 6 for Jets.
Back to the Top